 Dungeon Crawl Stone Soup version 0.32-a0-913-g739538afd8 (webtiles) character file.

Game seed: 13496470292190481088

138 GabrielManson the Insei (level 5, -12/49 HPs)
             Began as an Octopode Shapeshifter on Apr 5, 2024.
             Shot with an arrow by a centaur (13 damage)
             ... on level 4 of the Dungeon on Apr 9, 2024.
             The game lasted 00:07:07 (2731 turns).

GabrielManson the Insei (Octopode Shapeshifter)     Turns: 2731, Time: 00:07:08

Health: -12/49     AC: 22    Str: 13    XL:     5   Next: 21%
Magic:  5/5        EV:  2    Int: 12    God:
Gold:   126        SH:  0    Dex: 14    Spells: 4/4 levels left

rFire   . .          .
                       - Unarmed
rCold   . . .        (no shield)
rNeg    . . .        (helmet currently unavailable)
rPois   +            d - amulet of regeneration
rElec   .            (no ring)
rCorr   .            (no ring)
SInv    .            (no ring)
Will    .....        (no ring)
Stlth   ++           (no ring)
HPRegen 1.08/turn    (no ring)
MPRegen 0.09/turn    (no ring)
                     (no ring)

%: no passive effects
@: tree-form, hasted, very quick
A: stationary, stasis, torment immunity, boosted hp, almost no armour,
(amphibious), 8 rings, (camouflage 1), (gelatinous body 1), (nimble swimmer 1),
(tentacles)
a: no special abilities


You were on level 4 of the Dungeon.
You were a tree.
You visited 1 branch of the dungeon, and saw 4 of its levels.

You collected 126 gold pieces.

Inventory:

Jewellery
 d - an amulet of regeneration (around neck)
Talismans
 b - a beast talisman (active)
 c - a flux talisman
 j - a maw talisman
Scrolls
 f - a scroll of teleportation
 g - a scroll of enchant weapon {unknown}
Potions
 a - a potion of lignification
 i - a potion of enlightenment


   Skills:
 + Level 1.1 Fighting
 + Level 2.1 Dodging
 + Level 3.5 Stealth
 + Level 4.2 Unarmed Combat
 * Level 3.7 Shapeshifting


You had 4 spell levels left.
You didn't know any spells.
Your spell library contained the following spells:

 Spells                   Type           Power      Damage    Failure   Level
 Dispersal                Tloc           0%         N/A       100%        6
 Gell's Gavotte           Tloc           0%         2d(11-16) 100%        6
 Manifold Assault         Tloc           0%         N/A       100%        7
 Disjunction              Tloc           0%         N/A       100%        8


Dungeon Overview and Level Annotations

Branches:
Dungeon (4/15)
 Temple: D:4-7

Altars:

Shops:
D:1 (


Innate Abilities, Weirdness & Mutations

You are a tree.
Your roots penetrate the ground, keeping you stationary.
You cannot be teleported.
You are immune to unholy pain and torment.
Your maximum health is greatly increased.
You cannot wear most types of armour.
((You are amphibious.))
You can wear up to eight rings at the same time.
((Your skin changes colour to match your surroundings (Stealth+).))
((Your rubbery body absorbs attacks. (AC +1, EV +1)))
((You are camouflaged when in or above water. (Stealth+)))
((You have tentacles for arms and can constrict up to eight enemies at once.))


Message History

The magic dart hits you.
The orc wizard casts a spell.
The orc wizard flickers and vanishes!
The centaur shoots an arrow.
The arrow hits you!
You hear some strange, mumbled words.
Something tries to affect you, but you resist.
The centaur shoots an arrow. x2; The arrow hits you!
* * * LOW HITPOINT WARNING * * *
You feel yourself speed up.
An ogre comes into view. It is wielding a +0 giant club.
Your transformation has ended.
You turn into a tree.
Your roots penetrate the ground.
You cannot move.
Unknown command.
You barely miss the orc. The orc hits you but does no damage.
You barely miss the orc. You closely miss the orc.
The orc hits you but does no damage.
You closely miss the orc. You pummel the orc!!
You kill the orc!
You cannot move.
The centaur shoots an arrow.
Reactivating autopickup.
The centaur shoots an arrow.
The arrow hits you.
The centaur shoots an arrow.
The arrow hits you!
* * * LOW HITPOINT WARNING * * *
The centaur shoots an arrow.
The arrow hits you!
* * * LOW HITPOINT WARNING * * *
You cannot move.
The centaur shoots an arrow.
The arrow hits you but does no damage.
You cannot move.
You cannot move.
You cannot move.
The centaur shoots an arrow.
The arrow hits you but does no damage.
The centaur shoots an arrow.
The arrow hits you.
* * * LOW HITPOINT WARNING * * *
The centaur shoots an arrow.
The arrow hits you.
* * * LOW HITPOINT WARNING * * *
The centaur shoots an arrow.
The arrow hits you!
You die...

##########
#.<.......
#.######## #.#..
#.#.# #♣#.# #)#.#
# #c#.# #.###O#.#
...#.#..{#†###.#
.....?.........#
....##...##..###
... #...# >...
.................


You could see an ogre and a centaur.

Vanquished Creatures
  An orc priest (D:3)
  Terence (D:3)
  An adder (D:3)
  A ribbon worm (D:2)
  5 orcs
  2 ball pythons
  4 endoplasms
  5 giant cockroaches
  8 goblins
  7 hobgoblins
  7 jackals
  3 quokkas
  8 bats
  2 frilled lizards
  3 rats
58 creatures vanquished.

Vanquished Creatures (others)
  An orc wizard (D:4)
1 creature vanquished.

Grand Total: 59 creatures vanquished

Notes
Turn   | Place    | Note
-------+----------+-------------------------------------------
     0 | D:1      | GabrielManson the Octopode Shapeshifter began the quest for
                  | the Orb.
     0 | D:1      | Reached XP level 1. HP: 13/13 MP: 1/1
   144 | D:1      | Found Besamos's Antique Weapon Boutique.
   169 | D:1      | Found a faded altar of an unknown god.
   243 | D:1      | Reached XP level 2. HP: 18/18 MP: 2/2
   756 | D:1      | Reached XP level 3. HP: 19/23 MP: 3/3
   971 | D:2      | Reached skill level 1 in Stealth
  1584 | D:3      | Reached XP level 4. HP: 28/28 MP: 4/4
  1631 | D:3      | Noticed Terence
  1641 | D:3      | Killed Terence
  1642 | D:3      | Reached skill level 4 in Unarmed Combat
  1642 | D:3      | Upgraded the game from 0.32-a0-899-geb5ba95c15 to
                  | 0.32-a0-913-g739538afd8
  1766 | D:3      | Reached XP level 5. HP: 33/33 MP: 5/5
  2703 | D:4      | Noticed a centaur
  2714 | D:4      | Noticed an ogre
  2730 | D:4      | HP: 1/49 [centaur/arrow (3)]
  2731 | D:4      | Shot with an arrow by a centaur

Illustrated notes

Levels and vault maps discovered:
D:1:      minmay_arrival_widening_spiral_wide, layout_basic,
          hellmonk_ecumenical_altar_crossroads, serial_shops, shop, st_stairs_9
D:2:      layout_loops_ring, kennysheep_another_room, minmay_goblin_outpost
D:3:      layout_loops_ring, minivault_14, minivault_26, uniq_terence
D:4:      layout_basic, nicolae_hepliaklqana_hippocampus,
          mainiacjoe_overflow_brackets, yredelemnul_forgotten_temple_becter,
          nicolae_sif_muna_condensation, minmay_temple_entry_antechambers,
          serial_library_hellmonk_open_square, chequers_arboretum,
          minmay_pentangle, uniq_duvessa

Skill      XL: |  1  2  3  4 |
---------------+-------------+-----
Stealth        | 2 3 |  3.5
Unarmed Combat | 4 |  4.2
Fighting       | |  1.1
Dodging        | |  2.1
Shapeshifting  | |  3.7

Action                     |  1- 3 |  4- 6 || total
---------------------------+-------+-------++-------
  Melee: Unarmed           |    68 |    35 ||   103
         Tentacles         |    17 |     6 ||    23
         Constrict         |    16 |     7 ||    23
         Punch             |       |     1 ||     1
    Use: Potion            |     1 |     4 ||     5
         Scroll            |       |     6 ||     6
   Stab: Sleeping          |     8 |     5 ||    13
         Distracted        |     1 |       ||     1
 Armour: Skin              |    26 |    19 ||    45
  Dodge: Dodged            |    39 |    13 ||    52
   Form: Beast             |     1 |       ||     1
         Maw               |     1 |       ||     1

Table legend: (Time is in decaauts)
 A = Elapsed time spent in this place.
 B = Non-inter-level travel time spent in this place.
 C = Inter-level travel time spent in this place.
 D = Time resting spent in this place.
 E = Time spent auto-exploring this place.
 F = Levels seen in this place.
 G = Mean time per level.
                   A        B        C        D        E       F      G
               +--------+--------+--------+--------+--------+-----+--------+
         Total |   2699 |   2596 |    103 |    409 |   1795 |   4 |  674.8 |
       Dungeon |   2699 |   2596 |    103 |    409 |   1795 |   4 |  674.8 |
               +--------+--------+--------+--------+--------+-----+--------+

Top non-repeatable levels by time:
     D:3: 1172 daAuts
     D:1: 955 daAuts
     D:2: 537 daAuts
     D:4: 33 daAuts
